Senators vs Devils

Created - February 17, 2015 at 19:26

Goals
1 2 3 T
Senators 0 3 2 5
Devils 0 4 0 4
Shots
1 2 3 T
Senators 6 12 8 26
Devils 14 9 4 27

1st period

No Goal

Penalties :
Dave Bolland (OTT) for Hooking (Minor) at 2:27, Wayne Simmonds (NJD) for High sticking (Minor) at 3:18, Steve Ott (NJD) for Hooking (Minor) at 7:25, Marc Staal (OTT) for Hooking (Minor) at 7:25, Marc Staal (OTT) for Cross-checking (Minor) at 9:32, Wayne Simmonds (NJD) for Hooking (Minor) at 18:45

2nd period

1. Senators , Duncan Keith 11 (Sidney Crosby, Jan Hejda) at 0:22 (PP)
2. Devils , Scott Hartnell 27 (Willie Mitchell, Tyler Johnson) at 0:51
3. Devils , Vincent Trocheck 10 (Mark Fayne, Ales Hemsky) at 4:37
4. Devils , Darren Helm 19 (Trevor Daley, Marc-Edouard Vlasic) at 6:40
5. Senators , Sidney Crosby 35 (Duncan Keith, Ron Hainsey) at 6:54
6. Senators , Sidney Crosby 36 (Jared Cowen) at 16:18
7. Devils , Justin Schultz 6 (Willie Mitchell, Wayne Simmonds) at 18:30 (PP)

Penalties :
Duncan Keith (OTT) for Goalie Interference (Minor) at 1:52, Michal Rozsival (NJD) for High sticking (Minor) at 10:37, Jared Cowen (OTT) for Tripping (Minor) at 14:06, Mika Zibanejad (OTT) for Tripping (Minor) at 18:24

3rd period

8. Senators , Marc Staal 6 (Sidney Crosby, Gustav Nyquist) at 1:37 (PP)
9. Senators , Sidney Crosby 37 (Jared Cowen) at 18:11

Penalties :
Wayne Simmonds (NJD) for Holding Stick (Minor) at 0:43, Wayne Simmonds (NJD) for Roughing (Minor) at 12:05, Marc Staal (OTT) for Holding (Minor) at 14:15, Wayne Simmonds (NJD) for Roughing (Minor) at 19:45

Goalie Stats

Carey Price (OTT), 23 saves from 27 shots - (0.852), W, 38-7-2, 60:00 minutes
Michal Neuvirth (NJD), 21 saves from 26 shots - (0.808), L, 3-10-2, 60:00 minutes

Players Stats for Senators

Player Name              G  A  P  +/- PIM S  H  SB GA TA FO     MP     PP MP  PK MP  
------------------------------------------------------------------------------------
Dave Bolland             0  0  0   0  2   1  0  0  0  0  11/18  14:18   0:38   3:31 
Duncan Keith             1  1  2   0  2   2  0  2  0  0  0/0    24:06   4:11   2:45 
Erik Gustafsson          0  0  0   0  0   0  0  0  0  0  0/0     7:00   3:23   1:14 
Frans Nielsen            0  0  0  -3  0   3  0  0  0  0  16/29  18:17   3:01   0:00 
Gustav Nyquist           0  1  1   3  0   3  1  0  0  0  1/2    20:31   3:55   0:00 
Jan Hejda                0  1  1   0  0   0  1  1  0  0  0/0    22:12   4:03   5:46 
Jared Cowen              0  2  2   0  2   0  2  1  0  0  0/0    20:03   0:00   3:16 
Lubomir Visnovsky        0  0  0   0  0   0  1  0  0  0  0/0     2:08   0:08   0:00 
Marc Staal               1  0  1  -1  6   2  2  0  0  0  0/0    22:05   3:23   0:11 
Mark Stone               0  0  0   0  0   0  0  0  0  0  1/1     7:03   0:00   3:55 
Martin St. Louis         0  0  0   3  0   6  1  1  0  0  1/3    22:26   3:55   0:24 
Mason Raymond            0  0  0   0  0   0  0  0  0  0  0/0    10:10   0:00   0:00 
Mika Zibanejad           0  0  0   0  2   1  1  0  0  0  1/2    12:37   0:38   4:58 
Patrick Sharp            0  0  0  -3  0   2  3  0  0  0  0/1    18:17   3:01   0:00 
Pavel Datsyuk            0  0  0  -3  0   1  1  1  0  0  2/3    21:39   3:01   4:58 
Ron Hainsey              0  1  1   1  0   0  1  1  0  0  0/0    22:21   0:00   4:34 
Sidney Crosby            3  2  5   3  0   5  0  0  0  0  21/27  22:02   3:55   0:00 
Travis Moen              0  0  0   0  0   0  0  0  0  0  0/0     0:38   0:38   0:00 

Players Stats for Devils

Player Name              G  A  P  +/- PIM S  H  SB GA TA FO     MP     PP MP  PK MP  
------------------------------------------------------------------------------------
Ales Hemsky              0  1  1  -1  0   2  0  0  0  0  0/2    12:47   0:00   0:00 
Darren Helm              1  0  1   1  0   3  2  0  0  0  7/21   18:52   4:07   3:09 
Jamie McGinn             0  0  0  -1  0   1  2  0  0  0  1/1    16:39   0:00   3:52 
Johan Franzen            0  0  0   1  0   7  0  0  0  0  8/15   24:45   4:07   5:06 
Justin Schultz           1  0  1   1  0   2  0  1  0  0  0/0    21:28   3:58   4:14 
Marc-Edouard Vlasic      0  1  1   0  0   1  1  1  0  0  0/0    23:27   4:55   3:20 
Mark Fayne               0  1  1   1  0   0  0  1  0  0  0/0     6:52   0:00   0:00 
Matt Donovan             0  0  0  -2  0   0  1  0  0  0  0/0     8:13   0:00   0:00 
Michal Rozsival          0  0  0  -2  2   0  1  0  0  0  0/0     8:12   0:00   0:00 
Patrick Wiercioch        0  0  0   1  0   0  2  0  0  0  0/0     6:52   0:00   0:00 
Scott Hartnell           1  0  1   0  0   3  3  0  0  0  3/7    21:06   4:46   1:06 
Steve Ott                0  0  0   0  2   0  2  0  0  0  0/1    19:18   4:46   0:40 
Tommy Wingels            0  0  0   0  0   0  0  0  0  0  4/6     3:31   0:00   0:00 
Trevor Daley             0  1  1   0  0   2  1  2  0  0  0/0    23:27   4:55   3:20 
Tyler Johnson            0  1  1   0  0   1  0  0  0  0  5/19   18:39   4:46   0:00 
Vincent Trocheck         1  0  1  -1  0   3  2  0  0  0  3/11   13:25   0:00   0:00 
Wayne Simmonds           0  1  1   1  10  1  4  0  0  0  1/3    20:11   4:06   1:15 
Willie Mitchell          0  2  2   1  0   1  4  0  0  0  0/0    21:28   3:58   4:14 

3 Stars

1 - Sidney Crosby (OTT)
2 - Willie Mitchell (NJD)
3 - Darren Helm (NJD)

Power Play

Senators - 2 on 6 Attempt(s) - 33.33%
Devils - 1 on 6 Attempt(s) - 16.67%

Penalty Kill

Senators - 5 on 6 Attempt(s) - 83.33% - Score 0 goal in Penalty Kill
Devils - 4 on 6 Attempt(s) - 66.67% - Score 0 goal in Penalty Kill

Team Stat

Senators - Hits : 14 - Faceoff Wins : 54 - Blocked Shots : 7 - Penalty Minutes : 14
Devils - Hits : 25 - Faceoff Wins : 32 - Blocked Shots : 5 - Penalty Minutes : 14

Official

Referees : Frederick L'Ecuyer and Ghislain Hebert
Linesman : Ryan Galloway and Kiel Murchison

Game Notes

Lubomir Visnovsky is injured at 6:49 of 1st period (Sore Left Knee)
Sidney Crosby has scored a Hat Trick!

Finance

Level 1 -- Attendance: 5689 (94.82%) -- Ticket Income $608,723
Level 2 -- Attendance: 5000 (100.00%) -- Ticket Income $370,000
Level 3 -- Attendance: 1995 (99.75%) -- Ticket Income $139,650
Level 4 -- Attendance: 3090 (85.24%) -- Ticket Income $52,530
Luxury Box -- Attendance: 955 (95.50%) -- Ticket Income $167,125
Game was played at the Prudential Center'
Total Attendance: 16729 (94.92%)
Total Ticket Income: $1,338,028
Other Income: $200,704
Total Income: $1,538,732

% Time on Ice - Senators

Lines # - Real PCT - Wanted PCT - Time Play
Normal Forward
1 - 41% - 40% - 16:36
2 - 34% - 30% - 13:40
3 - 17% - 20% - 7:02
4 - 8% - 10% - 3:08
Normal Defense
1 - 42% - 38% - 17:05
2 - 19% - 32% - 7:48
3 - 24% - 20% - 9:40
4 - 15% - 10% - 5:53
PP Forward
1 - 60% - 50% - 4:33
2 - 40% - 50% - 3:01
PP Defense
1 - 55% - 50% - 4:11
2 - 45% - 50% - 3:23
PK Forward
1 - 44% - 50% - 3:55
2 - 56% - 50% - 4:58
PK Defense
1 - 51% - 50% - 4:34
2 - 49% - 50% - 4:19
PK3 Forward
1 - 0% - 50%
2 - 0% - 50%
PK3 Defense
1 - 0% - 50%
2 - 0% - 50%
44 Forward
1 - 51% - 52% - 1:36
2 - 49% - 48% - 1:31
44 Defense
1 - 75% - 52% - 2:21
2 - 25% - 48% - 0:46
Last Minute Offensive  - 0:00
Last Minute Defensive  - 0:00
Total
Forward - 60:00
Defense - 60:00

% Time on Ice - Devils

Lines # - Real PCT - Wanted PCT - Time Play
Normal Forward
1 - 25% - 33% - 10:08
2 - 34% - 32% - 13:53
3 - 32% - 22% - 12:47
4 - 9% - 13% - 3:31
Normal Defense
1 - 34% - 40% - 13:41
2 - 29% - 30% - 11:33
3 - 20% - 20% - 8:13
4 - 17% - 10% - 6:52
PP Forward
1 - 46% - 60% - 4:07
2 - 54% - 40% - 4:46
PP Defense
1 - 55% - 60% - 4:55
2 - 45% - 40% - 3:58
PK Forward
1 - 85% - 60% - 6:28
2 - 15% - 40% - 1:06
PK Defense
1 - 44% - 60% - 3:20
2 - 56% - 40% - 4:14
PK3 Forward
1 - 0% - 60%
2 - 0% - 40%
PK3 Defense
1 - 0% - 60%
2 - 0% - 40%
44 Forward
1 - 57% - 60% - 1:46
2 - 43% - 40% - 1:21
44 Defense
1 - 45% - 60% - 1:24
2 - 55% - 40% - 1:43
Last Minute Offensive  - 0:07
Last Minute Defensive  - 0:00
Total
Forward - 60:00
Defense - 60:00

Play by Play

1st period


0:01 of 1st period - Darren Helm wins face-off versus Sidney Crosby in neutral zone.
0:07 of 1st period - Wayne Simmonds is hit by Lubomir Visnovsky and loses puck.
0:40 of 1st period - Shot by Johan Franzen.
0:40 of 1st period - Shot Misses the Net.
0:42 of 1st period - Shot by Johan Franzen.
0:42 of 1st period - Stopped by Carey Price without a rebound.
0:43 of 1st period - Frans Nielsen wins face-off versus Tyler Johnson in Senators zone.
1:18 of 1st period - Pavel Datsyuk is hit by Willie Mitchell and loses puck.
1:41 of 1st period - Jared Cowen is hit by Steve Ott and loses puck.
2:08 of 1st period - Shot by Mika Zibanejad.
2:08 of 1st period - Stopped by Michal Neuvirth without a rebound.
2:09 of 1st period - Sidney Crosby wins face-off versus Ales Hemsky in Devils zone.
2:26 of 1st period - Off-side.
2:27 of 1st period - Tommy Wingels wins face-off versus Dave Bolland in neutral zone.
2:27 of 1st period - Minor Penalty to Dave Bolland for Hooking.
2:28 of 1st period - Darren Helm wins face-off versus Mika Zibanejad in Senators zone.
2:31 of 1st period - Shot by Marc-Edouard Vlasic.
2:31 of 1st period - Deflect By Johan Franzen.
2:31 of 1st period - Shot Misses the Net.
2:33 of 1st period - Shot by Marc-Edouard Vlasic.
2:33 of 1st period - Shot Blocked by Jan Hejda.
2:35 of 1st period - Shot by Trevor Daley.
2:35 of 1st period - Shot Blocked by Ron Hainsey.
2:37 of 1st period - Shot by Johan Franzen.
2:37 of 1st period - Stopped by Carey Price without a rebound.
2:38 of 1st period - Darren Helm wins face-off versus Martin St. Louis in Senators zone.
2:39 of 1st period - Shot by Trevor Daley.
2:39 of 1st period - Stopped by Carey Price without a rebound.
2:40 of 1st period - Mark Stone wins face-off versus Darren Helm in Senators zone.
2:40 of 1st period - Mark Stone is hit by Darren Helm.
3:06 of 1st period - Marc-Edouard Vlasic is hit by Jared Cowen and loses puck.
3:17 of 1st period - Shot by Marc-Edouard Vlasic.
3:17 of 1st period - Shot Blocked by Pavel Datsyuk.
3:18 of 1st period - Minor Penalty to Wayne Simmonds for High sticking.
3:19 of 1st period - Frans Nielsen wins face-off versus Johan Franzen in Devils zone.
3:36 of 1st period - Shot by Frans Nielsen.
3:36 of 1st period - Shot Blocked by Justin Schultz.
3:38 of 1st period - Shot by Marc Staal.
3:38 of 1st period - Shot Misses the Net.
3:40 of 1st period - Shot by Patrick Sharp.
3:40 of 1st period - Stopped by Michal Neuvirth without a rebound.
3:41 of 1st period - Johan Franzen wins face-off versus Sidney Crosby in Devils zone.
3:48 of 1st period - Shot by Vincent Trocheck.
3:48 of 1st period - Deflect By Johan Franzen.
3:48 of 1st period - Shot Blocked by Martin St. Louis.
3:50 of 1st period - Shot by Johan Franzen.
3:50 of 1st period - Stopped by Carey Price without a rebound.
3:51 of 1st period - Sidney Crosby wins face-off versus Scott Hartnell in Senators zone.
4:20 of 1st period - Shot by Sidney Crosby.
4:20 of 1st period - Stopped by Michal Neuvirth without a rebound.
4:21 of 1st period - Johan Franzen wins face-off versus Frans Nielsen in Devils zone.
4:43 of 1st period - Shot by Pavel Datsyuk.
4:43 of 1st period - Shot Hit the Post.
5:22 of 1st period - Icing by Jared Cowen.
5:23 of 1st period - Dave Bolland wins face-off versus Tyler Johnson in Senators zone.
5:23 of 1st period - Dave Bolland is hit by Scott Hartnell.
5:43 of 1st period - Mason Raymond is hit by Scott Hartnell and loses puck.
6:26 of 1st period - Shot by Vincent Trocheck.
6:26 of 1st period - Shot Misses the Net.
6:48 of 1st period - Lubomir Visnovsky is hit by Vincent Trocheck and loses puck.
6:49 of 1st period - Lubomir Visnovsky from Senators is injured at 6:49 of 1st period (Sore Left Knee).
6:50 of 1st period - Sidney Crosby wins face-off versus Darren Helm in Senators zone.
7:24 of 1st period - Icing by Duncan Keith.
7:25 of 1st period - Tyler Johnson wins face-off versus Sidney Crosby in Senators zone.
7:25 of 1st period - Minor Penalty to Steve Ott for Hooking.
7:25 of 1st period - Minor Penalty to Marc Staal for Hooking.
7:26 of 1st period - Johan Franzen wins face-off versus Frans Nielsen in Senators zone.
7:33 of 1st period - Shot by Johan Franzen.
7:33 of 1st period - Stopped by Carey Price without a rebound.
7:34 of 1st period - Johan Franzen wins face-off versus Frans Nielsen in Senators zone.
7:53 of 1st period - Shot by Frans Nielsen.
7:53 of 1st period - Shot Misses the Net.
7:55 of 1st period - Shot by Ron Hainsey.
7:55 of 1st period - Shot Misses the Net.
8:05 of 1st period - Jan Hejda is hit by Wayne Simmonds and loses puck.
8:16 of 1st period - Shot by Frans Nielsen.
8:16 of 1st period - Stopped by Michal Neuvirth without a rebound.
8:17 of 1st period - Sidney Crosby wins face-off versus Scott Hartnell in Devils zone.
8:20 of 1st period - Shot by Martin St. Louis.
8:20 of 1st period - Shot Misses the Net.
8:28 of 1st period - Shot by Darren Helm.
8:28 of 1st period - Stopped by Carey Price with a rebound.
8:30 of 1st period - Shot by Willie Mitchell.
8:30 of 1st period - Stopped by Carey Price without a rebound.
8:31 of 1st period - Scott Hartnell wins face-off versus Sidney Crosby in Senators zone.
9:07 of 1st period - Shot by Scott Hartnell.
9:07 of 1st period - Stopped by Carey Price without a rebound.
9:08 of 1st period - Frans Nielsen wins face-off versus Johan Franzen in Senators zone.
9:12 of 1st period - Duncan Keith is hit by Marc-Edouard Vlasic and loses puck.
9:23 of 1st period - Shot by Johan Franzen.
9:23 of 1st period - Stopped by Carey Price without a rebound.
9:24 of 1st period - Johan Franzen wins face-off versus Frans Nielsen in Senators zone.
9:32 of 1st period - Minor Penalty to Marc Staal for Cross-checking.
9:33 of 1st period - Dave Bolland wins face-off versus Tyler Johnson in Senators zone.
9:48 of 1st period - Shot by Pavel Datsyuk.
9:48 of 1st period - Shot Blocked by Trevor Daley.
10:06 of 1st period - Shot by Marc-Edouard Vlasic.
10:06 of 1st period - Shot Misses the Net.
10:08 of 1st period - Shot by Trevor Daley.
10:08 of 1st period - Stopped by Carey Price without a rebound.
10:09 of 1st period - Dave Bolland wins face-off versus Darren Helm in Senators zone.
10:19 of 1st period - Off-side.
10:20 of 1st period - Dave Bolland wins face-off versus Darren Helm in neutral zone.
10:46 of 1st period - Shot by Darren Helm.
10:46 of 1st period - Shot Misses the Net.
10:50 of 1st period - Shot by Darren Helm.
10:50 of 1st period - Stopped by Carey Price without a rebound.
10:51 of 1st period - Pavel Datsyuk wins face-off versus Tyler Johnson in Senators zone.
11:52 of 1st period - Shot by Gustav Nyquist.
11:52 of 1st period - Stopped by Michal Neuvirth without a rebound.
11:53 of 1st period - Frans Nielsen wins face-off versus Darren Helm in Devils zone.
12:05 of 1st period - Icing by Johan Franzen.
12:06 of 1st period - Sidney Crosby wins face-off versus Wayne Simmonds in Devils zone.
12:14 of 1st period - Icing by Johan Franzen.
12:15 of 1st period - Darren Helm wins face-off versus Sidney Crosby in Devils zone.
12:23 of 1st period - Johan Franzen is hit by Gustav Nyquist and loses puck.
12:45 of 1st period - Darren Helm is hit by Marc Staal and loses puck.
13:46 of 1st period - Shot by Patrick Sharp.
13:46 of 1st period - Shot Blocked by Trevor Daley.
13:56 of 1st period - Shot by Pavel Datsyuk.
13:56 of 1st period - Shot Misses the Net.
13:58 of 1st period - Shot by Frans Nielsen.
13:58 of 1st period - Shot Misses the Net.
15:00 of 1st period - Shot by Sidney Crosby.
15:00 of 1st period - Shot Misses the Net.
15:02 of 1st period - Shot by Sidney Crosby.
15:02 of 1st period - Shot Misses the Net.
15:04 of 1st period - Shot by Gustav Nyquist.
15:04 of 1st period - Stopped by Michal Neuvirth without a rebound.
15:05 of 1st period - Frans Nielsen wins face-off versus Darren Helm in Devils zone.
15:16 of 1st period - Shot by Justin Schultz.
15:16 of 1st period - Stopped by Carey Price without a rebound.
15:17 of 1st period - Sidney Crosby wins face-off versus Vincent Trocheck in Senators zone.
15:33 of 1st period - Shot by Vincent Trocheck.
15:33 of 1st period - Stopped by Carey Price without a rebound.
15:34 of 1st period - Frans Nielsen wins face-off versus Darren Helm in Senators zone.
15:51 of 1st period - Darren Helm is hit by Ron Hainsey.
16:23 of 1st period - Mark Fayne is hit by Pavel Datsyuk and loses puck.
16:37 of 1st period - Off-side.
16:38 of 1st period - Sidney Crosby wins face-off versus Vincent Trocheck in neutral zone.
16:54 of 1st period - Gustav Nyquist is hit by Jamie McGinn and loses puck.
17:18 of 1st period - Shot by Ales Hemsky.
17:18 of 1st period - Stopped by Carey Price without a rebound.
17:19 of 1st period - Mika Zibanejad wins face-off versus Tyler Johnson in Senators zone.
18:16 of 1st period - Icing by Pavel Datsyuk.
18:17 of 1st period - Tommy Wingels wins face-off versus Frans Nielsen in Senators zone.
18:45 of 1st period - Minor Penalty to Wayne Simmonds for Hooking.
18:46 of 1st period - Sidney Crosby wins face-off versus Johan Franzen in Devils zone.
19:40 of 1st period - Icing by Pavel Datsyuk.
19:41 of 1st period - Frans Nielsen wins face-off versus Scott Hartnell in Senators zone.
19:41 of 1st period - Frans Nielsen is hit by Scott Hartnell.
Goals for this period are 0 for Senators vs 0 for Devils.
Shots for this period are 6 for Senators vs 14 for Devils.

2nd period


0:01 of 2nd period - Gustav Nyquist wins face-off versus Johan Franzen in neutral zone.
0:04 of 2nd period - Shot by Martin St. Louis.
0:04 of 2nd period - Stopped by Michal Neuvirth with a rebound.
0:06 of 2nd period - Shot by Martin St. Louis.
0:06 of 2nd period - Stopped by Michal Neuvirth without a rebound.
0:07 of 2nd period - Sidney Crosby wins face-off versus Johan Franzen in Devils zone.
0:20 of 2nd period - Shot by Duncan Keith.
0:20 of 2nd period - Shot Blocked by Marc-Edouard Vlasic.
0:22 of 2nd period - Shot by Duncan Keith.
0:22 of 2nd period - Goal by Duncan Keith - Senators : 1 - Devils : 0.
0:23 of 2nd period - Frans Nielsen wins face-off versus Tyler Johnson in neutral zone.
0:28 of 2nd period - Willie Mitchell is hit by Patrick Sharp and loses puck.
0:45 of 2nd period - Shot by Scott Hartnell.
0:45 of 2nd period - Shot Misses the Net.
0:47 of 2nd period - Shot by Scott Hartnell.
0:47 of 2nd period - Shot Misses the Net.
0:51 of 2nd period - Shot by Scott Hartnell.
0:51 of 2nd period - Goal by Scott Hartnell - Senators : 1 - Devils : 1.
0:52 of 2nd period - Darren Helm wins face-off versus Martin St. Louis in neutral zone.
1:08 of 2nd period - Martin St. Louis is hit by Darren Helm and loses puck.
1:22 of 2nd period - Icing by Marc Staal.
1:23 of 2nd period - Sidney Crosby wins face-off versus Vincent Trocheck in Senators zone.
1:23 of 2nd period - Sidney Crosby is hit by Vincent Trocheck.
1:34 of 2nd period - Shot by Sidney Crosby.
1:34 of 2nd period - Deflect By Gustav Nyquist.
1:34 of 2nd period - Stopped by Michal Neuvirth without a rebound.
1:35 of 2nd period - Scott Hartnell wins face-off versus Frans Nielsen in Devils zone.
1:52 of 2nd period - Minor Penalty to Duncan Keith for Goalie Interference.
1:53 of 2nd period - Dave Bolland wins face-off versus Darren Helm in Senators zone.
1:53 of 2nd period - Dave Bolland is hit by Wayne Simmonds.
2:05 of 2nd period - Shot by Marc-Edouard Vlasic.
2:05 of 2nd period - Stopped by Carey Price without a rebound.
2:06 of 2nd period - Dave Bolland wins face-off versus Tyler Johnson in Senators zone.
2:49 of 2nd period - Shot by Scott Hartnell.
2:49 of 2nd period - Shot Misses the Net.
2:51 of 2nd period - Shot by Steve Ott.
2:51 of 2nd period - Deflect By Scott Hartnell.
2:51 of 2nd period - Shot Misses the Net.
4:03 of 2nd period - Shot by Sidney Crosby.
4:03 of 2nd period - Deflect By Gustav Nyquist.
4:03 of 2nd period - Shot Hit the Post.
4:05 of 2nd period - Shot by Marc Staal.
4:05 of 2nd period - Stopped by Michal Neuvirth without a rebound.
4:06 of 2nd period - Frans Nielsen wins face-off versus Vincent Trocheck in Devils zone.
4:09 of 2nd period - Shot by Frans Nielsen.
4:09 of 2nd period - Shot Misses the Net.
4:37 of 2nd period - Shot by Vincent Trocheck.
4:37 of 2nd period - Goal by Vincent Trocheck - Senators : 1 - Devils : 2.
4:38 of 2nd period - Sidney Crosby wins face-off versus Tyler Johnson in neutral zone.
4:46 of 2nd period - Sidney Crosby is hit by Willie Mitchell.
5:45 of 2nd period - Shot by Mika Zibanejad.
5:45 of 2nd period - Shot Misses the Net.
6:14 of 2nd period - Johan Franzen is hit by Marc Staal.
6:34 of 2nd period - Shot by Marc-Edouard Vlasic.
6:34 of 2nd period - Shot Misses the Net.
6:36 of 2nd period - Shot by Darren Helm.
6:36 of 2nd period - Shot Misses the Net.
6:38 of 2nd period - Shot by Trevor Daley.
6:38 of 2nd period - Shot Misses the Net.
6:40 of 2nd period - Shot by Darren Helm.
6:40 of 2nd period - Goal by Darren Helm - Senators : 1 - Devils : 3.
6:41 of 2nd period - Sidney Crosby wins face-off versus Vincent Trocheck in neutral zone.
6:54 of 2nd period - Shot by Sidney Crosby.
6:54 of 2nd period - Goal by Sidney Crosby - Senators : 2 - Devils : 3.
6:55 of 2nd period - Frans Nielsen wins face-off versus Vincent Trocheck in neutral zone.
6:55 of 2nd period - Jan Hejda is hit by Jamie McGinn and loses puck.
7:10 of 2nd period - Shot by Frans Nielsen.
7:10 of 2nd period - Shot Misses the Net.
7:25 of 2nd period - Shot by Pavel Datsyuk.
7:25 of 2nd period - Shot Misses the Net.
8:06 of 2nd period - Icing by Ron Hainsey.
8:07 of 2nd period - Sidney Crosby wins face-off versus Darren Helm in Senators zone.
8:13 of 2nd period - Ron Hainsey is hit by Trevor Daley and loses puck.
9:12 of 2nd period - Icing by Steve Ott.
9:13 of 2nd period - Tyler Johnson wins face-off versus Dave Bolland in Devils zone.
9:32 of 2nd period - Shot by Tyler Johnson.
9:32 of 2nd period - Deflect By Scott Hartnell.
9:32 of 2nd period - Stopped by Carey Price without a rebound.
9:33 of 2nd period - Jamie McGinn wins face-off versus Frans Nielsen in Senators zone.
9:44 of 2nd period - Shot by Pavel Datsyuk.
9:44 of 2nd period - Shot Misses the Net.
9:46 of 2nd period - Shot by Jan Hejda.
9:46 of 2nd period - Shot Misses the Net.
9:48 of 2nd period - Shot by Patrick Sharp.
9:48 of 2nd period - Deflect By Frans Nielsen.
9:48 of 2nd period - Shot Misses the Net.
10:17 of 2nd period - Shot by Frans Nielsen.
10:17 of 2nd period - Shot Misses the Net.
10:37 of 2nd period - Minor Penalty to Michal Rozsival for High sticking.
10:38 of 2nd period - Sidney Crosby wins face-off versus Johan Franzen in Devils zone.
10:58 of 2nd period - Sidney Crosby is hit by Willie Mitchell and loses puck.
11:17 of 2nd period - Shot by Martin St. Louis.
11:17 of 2nd period - Stopped by Michal Neuvirth with a rebound.
12:43 of 2nd period - Ales Hemsky is hit by Jared Cowen.
12:53 of 2nd period - Shot by Jamie McGinn.
12:53 of 2nd period - Stopped by Carey Price without a rebound.
12:54 of 2nd period - Dave Bolland wins face-off versus Tyler Johnson in Senators zone.
13:07 of 2nd period - Shot by Dave Bolland.
13:07 of 2nd period - Stopped by Michal Neuvirth without a rebound.
13:08 of 2nd period - Sidney Crosby wins face-off versus Ales Hemsky in Devils zone.
13:13 of 2nd period - Shot by Sidney Crosby.
13:13 of 2nd period - Shot Misses the Net.
13:32 of 2nd period - Shot by Jamie McGinn.
13:32 of 2nd period - Shot Misses the Net.
13:44 of 2nd period - Shot by Vincent Trocheck.
13:44 of 2nd period - Shot Blocked by Duncan Keith.
14:01 of 2nd period - Off-side.
14:02 of 2nd period - Darren Helm wins face-off versus Frans Nielsen in neutral zone.
14:06 of 2nd period - Minor Penalty to Jared Cowen for Tripping.
14:07 of 2nd period - Dave Bolland wins face-off versus Wayne Simmonds in Senators zone.
14:07 of 2nd period - Dave Bolland is hit by Wayne Simmonds.
14:20 of 2nd period - Off-side.
14:21 of 2nd period - Tyler Johnson wins face-off versus Dave Bolland in neutral zone.
14:24 of 2nd period - Ron Hainsey is hit by Steve Ott and loses puck.
14:55 of 2nd period - Shot by Justin Schultz.
14:55 of 2nd period - Shot Blocked by Duncan Keith.
15:25 of 2nd period - Icing by Tyler Johnson.
15:26 of 2nd period - Pavel Datsyuk wins face-off versus Tyler Johnson in Devils zone.
15:31 of 2nd period - Shot by Pavel Datsyuk.
15:31 of 2nd period - Stopped by Michal Neuvirth with a rebound.
16:18 of 2nd period - Shot by Sidney Crosby.
16:18 of 2nd period - Goal by Sidney Crosby - Senators : 3 - Devils : 3.
16:19 of 2nd period - Frans Nielsen wins face-off versus Tommy Wingels in neutral zone.
16:28 of 2nd period - Icing by Wayne Simmonds.
16:29 of 2nd period - Tommy Wingels wins face-off versus Sidney Crosby in Devils zone.
17:42 of 2nd period - Shot by Jared Cowen.
17:42 of 2nd period - Shot Misses the Net.
18:06 of 2nd period - Steve Ott is hit by Patrick Sharp and loses puck.
18:15 of 2nd period - Shot by Tyler Johnson.
18:15 of 2nd period - Stopped by Carey Price without a rebound.
18:16 of 2nd period - Scott Hartnell wins face-off versus Dave Bolland in Senators zone.
18:16 of 2nd period - Steve Ott is hit by Jan Hejda and loses puck.
18:24 of 2nd period - Minor Penalty to Mika Zibanejad for Tripping.
18:25 of 2nd period - Wayne Simmonds wins face-off versus Dave Bolland in Senators zone.
18:28 of 2nd period - Shot by Willie Mitchell.
18:28 of 2nd period - Shot Misses the Net.
18:30 of 2nd period - Shot by Justin Schultz.
18:30 of 2nd period - Goal by Justin Schultz - Senators : 3 - Devils : 4.
18:31 of 2nd period - Darren Helm wins face-off versus Dave Bolland in neutral zone.
18:42 of 2nd period - Icing by Willie Mitchell.
18:43 of 2nd period - Martin St. Louis wins face-off versus Darren Helm in Devils zone.
18:54 of 2nd period - Shot by Wayne Simmonds.
18:54 of 2nd period - Stopped by Carey Price with a rebound.
19:15 of 2nd period - Shot by Martin St. Louis.
19:15 of 2nd period - Stopped by Michal Neuvirth without a rebound.
19:16 of 2nd period - Frans Nielsen wins face-off versus Tyler Johnson in Devils zone.
19:23 of 2nd period - Shot by Frans Nielsen.
19:23 of 2nd period - Stopped by Michal Neuvirth without a rebound.
19:24 of 2nd period - Tyler Johnson wins face-off versus Patrick Sharp in Devils zone.
19:24 of 2nd period - Tyler Johnson is hit by Patrick Sharp.
Goals for this period are 3 for Senators vs 4 for Devils.
Shots for this period are 12 for Senators vs 9 for Devils.

3rd period


0:01 of 3rd period - Sidney Crosby wins face-off versus Darren Helm in neutral zone.
0:43 of 3rd period - Minor Penalty to Wayne Simmonds for Holding Stick.
0:44 of 3rd period - Johan Franzen wins face-off versus Frans Nielsen in Devils zone.
1:13 of 3rd period - Shot by Jan Hejda.
1:13 of 3rd period - Shot Misses the Net.
1:23 of 3rd period - Shot by Frans Nielsen.
1:23 of 3rd period - Shot Misses the Net.
1:37 of 3rd period - Shot by Marc Staal.
1:37 of 3rd period - Goal by Marc Staal - Senators : 4 - Devils : 4.
1:38 of 3rd period - Dave Bolland wins face-off versus Tyler Johnson in neutral zone.
3:21 of 3rd period - Shot by Martin St. Louis.
3:21 of 3rd period - Shot Misses the Net.
4:15 of 3rd period - Icing by Mark Fayne.
4:16 of 3rd period - Frans Nielsen wins face-off versus Tyler Johnson in Devils zone.
4:27 of 3rd period - Shot by Frans Nielsen.
4:27 of 3rd period - Shot Misses the Net.
4:29 of 3rd period - Shot by Frans Nielsen.
4:29 of 3rd period - Deflect By Patrick Sharp.
4:29 of 3rd period - Shot Blocked by Mark Fayne.
5:08 of 3rd period - Off-side.
5:09 of 3rd period - Dave Bolland wins face-off versus Darren Helm in neutral zone.
5:09 of 3rd period - Dave Bolland is hit by Wayne Simmonds.
5:24 of 3rd period - Shot by Darren Helm.
5:24 of 3rd period - Shot Misses the Net.
5:47 of 3rd period - Shot by Wayne Simmonds.
5:47 of 3rd period - Shot Misses the Net.
6:33 of 3rd period - Shot by Vincent Trocheck.
6:33 of 3rd period - Shot Blocked by Jared Cowen.
7:21 of 3rd period - Shot by Sidney Crosby.
7:21 of 3rd period - Shot Misses the Net.
7:34 of 3rd period - Shot by Sidney Crosby.
7:34 of 3rd period - Stopped by Michal Neuvirth without a rebound.
7:35 of 3rd period - Tommy Wingels wins face-off versus Frans Nielsen in Devils zone.
7:47 of 3rd period - Frans Nielsen is hit by Patrick Wiercioch and loses puck.
7:52 of 3rd period - Shot by Patrick Sharp.
7:52 of 3rd period - Stopped by Michal Neuvirth with a rebound.
8:02 of 3rd period - Shot by Frans Nielsen.
8:02 of 3rd period - Stopped by Michal Neuvirth without a rebound.
8:03 of 3rd period - Dave Bolland wins face-off versus Tyler Johnson in Devils zone.
8:34 of 3rd period - Shot by Dave Bolland.
8:34 of 3rd period - Shot Misses the Net.
9:06 of 3rd period - Shot by Sidney Crosby.
9:06 of 3rd period - Shot Misses the Net.
9:37 of 3rd period - Shot by Johan Franzen.
9:37 of 3rd period - Stopped by Carey Price without a rebound.
9:38 of 3rd period - Vincent Trocheck wins face-off versus Frans Nielsen in Senators zone.
9:43 of 3rd period - Shot by Ales Hemsky.
9:43 of 3rd period - Stopped by Carey Price without a rebound.
9:44 of 3rd period - Vincent Trocheck wins face-off versus Frans Nielsen in Senators zone.
10:00 of 3rd period - Patrick Sharp is hit by Matt Donovan and loses puck.
10:10 of 3rd period - Icing by Patrick Sharp.
10:11 of 3rd period - Frans Nielsen wins face-off versus Darren Helm in Senators zone.
11:20 of 3rd period - Shot by Tyler Johnson.
11:20 of 3rd period - Shot Misses the Net.
11:33 of 3rd period - Icing by Ron Hainsey.
11:34 of 3rd period - Frans Nielsen wins face-off versus Vincent Trocheck in Senators zone.
12:02 of 3rd period - Shot by Jamie McGinn.
12:02 of 3rd period - Deflect By Vincent Trocheck.
12:02 of 3rd period - Stopped by Carey Price without a rebound.
12:03 of 3rd period - Sidney Crosby wins face-off versus Darren Helm in Senators zone.
12:05 of 3rd period - Minor Penalty to Wayne Simmonds for Roughing.
12:06 of 3rd period - Johan Franzen wins face-off versus Gustav Nyquist in Devils zone.
12:06 of 3rd period - Johan Franzen is hit by Martin St. Louis.
13:34 of 3rd period - Shot by Jan Hejda.
13:34 of 3rd period - Shot Misses the Net.
13:36 of 3rd period - Shot by Duncan Keith.
13:36 of 3rd period - Shot Misses the Net.
13:38 of 3rd period - Shot by Duncan Keith.
13:38 of 3rd period - Stopped by Michal Neuvirth without a rebound.
13:39 of 3rd period - Sidney Crosby wins face-off versus Johan Franzen in Devils zone.
13:42 of 3rd period - Shot by Martin St. Louis.
13:42 of 3rd period - Shot Misses the Net.
14:09 of 3rd period - Mark Stone is hit by Michal Rozsival and loses puck.
14:15 of 3rd period - Minor Penalty to Marc Staal for Holding.
14:16 of 3rd period - Tyler Johnson wins face-off versus Pavel Datsyuk in Senators zone.
15:19 of 3rd period - Willie Mitchell is hit by Mika Zibanejad and loses puck.
16:28 of 3rd period - Shot by Martin St. Louis.
16:28 of 3rd period - Deflect By Sidney Crosby.
16:28 of 3rd period - Shot Misses the Net.
16:30 of 3rd period - Shot by Martin St. Louis.
16:30 of 3rd period - Stopped by Michal Neuvirth with a rebound.
16:49 of 3rd period - Duncan Keith is hit by Patrick Wiercioch and loses puck.
16:56 of 3rd period - Shot by Duncan Keith.
16:56 of 3rd period - Shot Misses the Net.
17:31 of 3rd period - Icing by Willie Mitchell.
17:32 of 3rd period - Frans Nielsen wins face-off versus Tommy Wingels in Devils zone.
18:01 of 3rd period - Shot by Tommy Wingels.
18:01 of 3rd period - Deflect By Johan Franzen.
18:01 of 3rd period - Stopped by Carey Price without a rebound.
18:02 of 3rd period - Sidney Crosby wins face-off versus Steve Ott in Senators zone.
18:11 of 3rd period - Shot by Sidney Crosby.
18:11 of 3rd period - Goal by Sidney Crosby - Senators : 5 - Devils : 4.
18:12 of 3rd period - Sidney Crosby wins face-off versus Scott Hartnell in neutral zone.
18:27 of 3rd period - Shot by Martin St. Louis.
18:27 of 3rd period - Shot Misses the Net.
18:35 of 3rd period - Shot by Martin St. Louis.
18:35 of 3rd period - Stopped by Michal Neuvirth without a rebound.
18:36 of 3rd period - Vincent Trocheck wins face-off versus Dave Bolland in Devils zone.
18:54 of 3rd period - Dave Bolland is hit by Willie Mitchell and loses puck.
18:58 of 3rd period - Icing by Justin Schultz.
18:59 of 3rd period - Sidney Crosby wins face-off versus Vincent Trocheck in Devils zone.
19:45 of 3rd period - Minor Penalty to Wayne Simmonds for Roughing.
19:46 of 3rd period - Johan Franzen wins face-off versus Frans Nielsen in Devils zone.
Goals for this period are 2 for Senators vs 0 for Devils.
Shots for this period are 8 for Senators vs 4 for Devils.


Output by the SimonT Hockey Simulator (STHS) for Stephane Roy -- Original Page W3C XHTML 1.0 Valid
Hockey Simulator - Hockey Simulation - Hockey Manager